 Dungeon Crawl Stone Soup version 0.21.1-1-g345015fe64 (webtiles) character file.

104 Kisielow the Slasher (level 4, -2/40 HPs)
             Began as a Minotaur Fighter on June 10, 2018.
             Slain by an orc (4 damage)
             ... on level 4 of the Dungeon.
             The game lasted 00:04:36 (2658 turns).

Kisielow the Slasher (Minotaur Fighter)             Turns: 2658, Time: 00:04:37

Health: -2/40      AC:  7    Str: 22    XL:     4   Next: 52%
Magic:  3/3        EV:  7    Int:  5    God:
Gold:   130        SH:  9    Dex:  9    Spells: 3/3 levels left

rFire    . . .     SeeInvis .   a - +0 long sword
rCold    . . .     Gourm    .   c - +0 shield
rNeg     . . .     Faith    .   b - +0 scale mail
rPois    .         Spirit   .   (helmet restricted)
rElec    .         Reflect  .   (no cloak)
rCorr    .         Harm     .   (no gloves)
MR       .....                  (no boots)
Stlth    ..........             (no amulet)
HPRegen  0.13/turn              (no ring)
MPRegen  0.08/turn              (no ring)

@: no status effects
A: retaliatory headbutt, horns 2
a: no special abilities


You were on level 4 of the Dungeon.
You were not hungry.

You visited 1 branch of the dungeon, and saw 4 of its levels.

You collected 130 gold pieces.

Inventory:

Hand Weapons
 a - a +0 long sword (weapon)
 g - the +8 rapier of Vogyh {speed, Str-3 Int+2 Dex+2}
   (You found it on level 4 of the Dungeon)

   Attacks with this weapon are significantly faster.
   It affects your strength (-3).
   It affects your intelligence (+2).
   It affects your dexterity (+2).
Armour
 b - a +0 scale mail (worn)
 c - a +0 shield (worn)
Wands
 e - a wand of random effects (41)
Scrolls
 k - 2 scrolls of remove curse
Potions
 d - a potion of might
 h - a potion of agility
 i - a potion of invisibility {unknown}
 l - 4 potions of curing
 m - a potion of flight {unknown}
 o - a potion of heal wounds {unknown}
Comestibles
 f - 3 rations


   Skills:
 + Level 3.8 Fighting
 * Level 5.4 Long Blades
 + Level 3.8 Armour
 + Level 3.8 Shields


You had 3 spell levels left.
You didn't know any spells.

Dungeon Overview and Level Annotations

Branches:
Dungeon (4/15)
 Temple: D:4-7

Altars:
Xom
Yredelemnul


Innate Abilities, Weirdness & Mutations

You reflexively headbutt those who attack you in melee.
You have a pair of horns on your head.


Message History

The magic dart hits you!
The orc priest looks braver for a moment.
The orc closely misses you. You block the orc's attack.
Something hits you but does no damage.
You closely miss the orc wizard.
The orc wizard is almost dead.
The orc wizard mumbles some strange words.
The orc wizard blinks!
Something hits you but does no damage. You block the orc's attack.
The orc hits you with a flail.
* * * LOW HITPOINT WARNING * * *
You block the orc's attack.
An orc comes into view. It is wielding a hand axe.
You slash the orc!
You kill the orc!
You hear some strange, mumbled words.
A puff of flame appears from out of thin air!
The puff of flame hits you!
* * * LOW HITPOINT WARNING * * *
The orc hits you.
You die...

,,,*,,,**,,*##...##.<.###...#..#,
,,,*,,,,,,,,...........^.......#,
,,,*,,,,,,,,...................#,
,,,*,,,,,,,,...................#,
,,,*,,,,,,,,...................#,
,,,*,,,,,,,,..............)....#,
,,,,,*,**,***#.####.####.....###*
*********.####o####.##########**,
*,,,,).....o@..?.......,,,,,,
*,,,,......o{o.........,,,,,,
*,,,,..................,,,,,,
****,.#######+#######..,,**,*
**,,**,,,,,,,,,,,,**#****,*
*,,,,*,,,,,,,,,,,,*,,,,,<,*
*,,,,*,,,,,,,,,,,,*,,,,,,,*
*,,,,*,,,,,,,,,,,,+,,,,,,,*
****+*,,,,,,,,,,,,*,,,,,,,*


You could see an orc priest and 3 orcs.

Vanquished Creatures
  An adder (D:2)
  A worm (D:2)
  A dart slug (D:1)
  5 leopard geckos
  9 orcs
  A ball python (D:2)
  2 giant cockroaches (D:2)
  6 goblins
  6 hobgoblins
  4 jackals (D:2)
  3 quokkas
  5 bats
  5 frilled lizards
  10 kobolds
  14 rats
73 creatures vanquished.

Vanquished Creatures (others)
  A plant (D:2)
1 creature vanquished.

Grand Total: 74 creatures vanquished

Notes
Turn   | Place    | Note
-------+----------+-------------------------------------------
     0 | D:1      | Kisielow the Minotaur Fighter began the quest for the Orb.
     0 | D:1      | Reached XP level 1. HP: 19/19 MP: 0/0
   237 | D:1      | Reached skill level 3 in Long Blades
   270 | D:1      | Reached XP level 2. HP: 22/26 MP: 1/1
   784 | D:2      | Reached skill level 4 in Long Blades
   785 | D:2      | Reached XP level 3. HP: 16/31 MP: 2/2
  1410 | D:2      | Reached skill level 5 in Long Blades
  1816 | D:3      | Reached XP level 4. HP: 38/40 MP: 3/3
  1981 | D:3      | Found a shimmering altar of Xom.
  2213 | D:3      | Found a basalt altar of Yredelemnul.
  2629 | D:4      | Got an ichor-stained rapier
  2630 | D:4      | Identified the +8 rapier of Vogyh {speed, Str-3 Int+2 Dex+2} (You found it on level 4 of the Dungeon)
  2658 | D:4      | HP: 2/40 [something/puff of flame (8)]
  2658 | D:4      | Slain by an orc

Skill      XL: |  1  2  3 |
---------------+----------+-----
Long Blades    | 3 4 5 |  5.4
Fighting       | |  3.8
Armour         | |  3.8
Shields        | |  3.8

Action                   |  1- 3 |  4- 6 || total
-------------------------+-------+-------++-------
Melee: Long sword        |   137 |    67 ||   204
       Headbutt          |    17 |    12 ||    29
  Use: Scroll            |       |     6 ||     6
  Eat: Chunk             |     3 |     3 ||     6
Armor: Scale mail        |    43 |    34 ||    77
Dodge: Dodged            |    34 |    29 ||    63
Block: Shield            |    57 |    32 ||    89
       Rpst.: Long sword |    12 |     7 ||    19
